 Dungeon Crawl Stone Soup version 0.32-a0-975-g85d4e5bfdb (webtiles) character file.

Game seed: 3912063775067072828

1668 bananaken the Cleaver (level 8, -12/70 HPs)
             Began as a Mountain Dwarf Cinder Acolyte on Apr 19, 2024.
             Was a Priest of Ignis.
             Mangled by an ogre
             ... wielding a +0 giant spiked club
              (23 damage)
             ... on level 7 of the Dungeon.
             The game lasted 00:15:30 (8542 turns).

bananaken the Cleaver (MDCA)                        Turns: 8542, Time: 00:15:30

Health: -12/70     AC:  7    Str: 20    XL:     8   Next: 69%
Magic:  9/9        EV:  9    Int: 14    God:    Ignis [***...]
Gold:   131        SH:  0    Dex:  5    Spells: 7/9 levels left

rFire   + . .        d - +2 broad axe (heavy)
rCold   . . .        (no shield)
rNeg    . . .        i - +1 scale mail
rPois   .            (no helmet)
rElec   .            (no cloak)
rCorr   .            (no gloves)
SInv    .            (no boots)
Will    .....        (no amulet) Stlth
                     j - ring of flight
HPRegen 0.31/turn    (no ring)
MPRegen 0.11/turn

%: no passive effects
@: about to teleport, flying
A: runic magic, artefact enchanting
a: Renounce Religion, Fiery Armour, Foxfire Swarm


You were on level 7 of the Dungeon.
You worshipped Ignis.
Ignis was most pleased with you.
You visited 1 branch of the dungeon, and saw 7 of its levels.

You collected 380 gold pieces.
You spent 249 gold pieces at shops.

Inventory:

Hand Weapons
 a - a -1 vampiric hand axe
 d - a +2 heavy broad axe (weapon)
 f - a +1 dagger of chaos
Missiles
 m - 5 boomerangs (quivered)
Armour
 i - a +1 scale mail (worn)
Jewellery
 j - a ring of flight (left hand)
 r - a ring of fire
Wands
 b - a wand of polymorph (3)
 k - a wand of flame (18)
Scrolls
 e - a scroll of fear
 g - 2 scrolls of teleportation
 h - 2 scrolls of blinking
 l - 3 scrolls of immolation
 n - a scroll of identify
 o - a scroll of vulnerability
 p - a scroll of revelation {unknown}
Potions
 c - 3 potions of enlightenment
 q - a potion of curing


   Skills:
 - Level 6.3 Fighting
 + Level 9.0 Axes
 - Level 2.0 Throwing
 - Level 3.0 Armour
 - Level 1.9 Dodging
 - Level 1.0 Spellcasting
 - Level 5.1 Fire Magic
 - Level 4.1 Evocations


You had 7 spell levels left.
You knew the following spells:

 Your Spells              Type           Power      Damage    Failure   Level
a - Scorch                Fire           30%        2d6       6%          2

Your spell library contained the following spells:

 Spells                   Type           Power      Damage    Failure   Level
 Sandblast                Erth           0%         2d4       32%         1
 Slow                     Hex            0%         N/A       32%         1
 Passwall                 Erth           0%         N/A       69%         3
 Stone Arrow              Conj/Erth      0%         3d7       69%         3


Dungeon Overview and Level Annotations

Branches:
Dungeon (7/15)             Temple (0/1) D:6

Altars:
Dithmenos
Kikubaaqudgha
Sif Muna
Vehumet
Xom

Shops:
D:4 (*[[   D:5 :

Annotations:
D:4 2 runed translucent doors, PriceMaster's ghost, amateur SpEn
D:7 3 runed translucent doors


Innate Abilities, Weirdness & Mutations

Your spellcasting is much less encumbered by armour.
You can use scrolls of enchantment on lesser artefacts.


Message History

Unknown command.
You barely miss the bullfrog zombie.
The bullfrog zombie is heavily damaged.
You barely miss the gnoll.
The bullfrog zombie hits you but does no damage.
The gnoll hits you with a +0 whip. The bullfrog zombie hits you.
The gnoll hits you with a +0 whip.
Unknown command.
You hit the bullfrog zombie.
The bullfrog zombie is severely damaged.
You hit the gnoll. The bullfrog zombie hits you.
The bullfrog zombie hits you but does no damage.
The gnoll hits you with a +0 whip. The bullfrog zombie hits you.
Unknown command.
You slice the bullfrog zombie!!
You destroy the bullfrog zombie!
You slash the gnoll!
You kill the gnoll!
The howler monkey hoots and howls with incredible vigour!
A sky beast comes into view.
The howler monkey hits you.
* * * LOW HITPOINT WARNING * * *
Your Axes skill increases to level 9!
Unknown command.
You hit the howler monkey.
The howler monkey is lightly wounded.
The howler monkey hits you.
* * * LOW HITPOINT WARNING * * *
The howler monkey hoots and howls with incredible vigour!
The howler monkey barely misses you.
You hear a shout!
As you read the scroll of teleportation, it crumbles to dust.
You feel strangely unstable. The howler monkey hits you.
* * * LOW HITPOINT WARNING * * *
Unknown command.
An ogre comes into view. It is wielding a +0 giant spiked club.
The howler monkey hoots and howls with incredible vigour!
The ogre hits you with a +0 giant spiked club!!
You die...
Ignis goes out, and joins you in death.

..................
....+..$
..#...<....####..#####...+
..#.####..## #..# ## .
....#####.# ##.....#.
...........####..##...
........(.......###.#
.............##.....
...............O..#
.............###@.##
.............###h..###.#
.............##.........
............###h######..
#.......)...# #g#
#######)###.###c###...
######.###....gY.....♣
......h.h.g.h.......♣♣.
......#.##...#######♣


You could see an ogre, a gnoll sergeant, a centaur, 2 howler monkeys and a
gnoll.

Vanquished Creatures
  A ynoxinul (D:3)
  A water moccasin (D:5)
  An ice beast (D:5)
  2 ogres
  A scorpion (D:6)
  2 jellies
  A howler monkey (D:7)
  2 crimson imps (D:3)
  3 bombardier beetles
  A bullfrog zombie (D:7)
  A quasit (D:5)
  2 gnoll boudas
  An orc priest (D:3)
  6 hounds
  2 sleepcaps
  2 iguanas (D:5)
  An orc wizard (D:3)
  7 adders
  8 gnolls
  5 shadow imps (D:5)
  3 white imps (D:5)
  6 ufetubi (D:5)
  2 dart slugs
  3 ribbon worms (D:2)
  11 orcs
  5 bats
  5 endoplasms
  4 giant cockroaches
  5 goblins
  8 hobgoblins
  8 jackals
  4 quokkas
  2 ball pythons
  2 frilled lizards (D:2)
  6 kobolds
  22 rats
146 creatures vanquished.

Vanquished Creatures (others)
  76 foxfires
76 creatures vanquished.

Grand Total: 222 creatures vanquished

Notes
Turn   | Place    | Note
-------+----------+-------------------------------------------
     0 | D:1      | bananaken the Mountain Dwarf Cinder Acolyte began the quest
                  | for the Orb.
     0 | D:1      | Reached XP level 1. HP: 19/19 MP: 2/2
   103 | D:1      | Reached skill level 4 in Axes
   106 | D:1      | Reached XP level 2. HP: 21/26 MP: 3/3
   242 | D:1      | Found a faded altar of an unknown god.
  1203 | D:2      | Reached XP level 3. HP: 29/33 MP: 4/4
  1300 | D:2      | Learned a level 2 spell: Scorch
  2161 | D:3      | Reached XP level 4. HP: 32/40 MP: 5/5
  2222 | D:3      | Reached skill level 5 in Axes
  2222 | D:3      | Reached skill level 1 in Evocations
  2280 | D:3      | Reached XP level 5. HP: 40/46 MP: 6/6
  2456 | D:3      | Reached skill level 1 in Throwing
  2499 | D:3      | Found a shimmering altar of Xom.
  2645 | D:2      | a crimson imp changed into a ynoxinul
  2645 | D:2      | Noticed a ynoxinul
  2801 | D:3      | a crimson imp changed into a ynoxinul
  2801 | D:3      | Noticed a ynoxinul
  3249 | D:3      | Killed a ynoxinul
  3250 | D:3      | Reached skill level 5 in Fire Magic
  3250 | D:3      | Reached XP level 6. HP: 55/55 MP: 7/7
  3711 | D:4      | Found Qyta's Antique Armour Shoppe.
  3948 | D:4      | Found a runed translucent door.
  3960 | D:4      | Found Cyimpur's Antique Armour Shop.
  4241 | D:4      | Noticed PriceMaster's ghost (amateur SpEn)
  4379 | D:4      | Found Orue's Assorted Antiques.
  4392 | D:4      | Found Vuneu's Weapon Boutique.
  4542 | D:4      | Found a runed translucent door.
  5060 | D:5      | Entered Level 5 of the Dungeon
  5149 | D:5      | Reached skill level 5 in Fighting
  5149 | D:5      | Reached skill level 6 in Axes
  5149 | D:5      | Reached XP level 7. HP: 57/61 MP: 3/8
  5243 | D:5      | Reached skill level 1 in Armour
  5673 | D:5      | Reached skill level 1 in Dodging
  6193 | D:5      | Reached skill level 7 in Axes
  6261 | D:5      | Reached XP level 8. HP: 59/69 MP: 4/9
  6333 | D:5      | Found Geliroja's Vocational Training.
  7175 | D:6      | Found a staircase to the Ecumenical Temple.
  7232 | D:4      | Bought a +2 heavy broad axe for 249 gold pieces
  7292 | D:6      | Found a shadowy altar of Dithmenos.
  7954 | D:6      | Found an ancient bone altar of Kikubaaqudgha.
  7991 | D:6      | Found a radiant altar of Vehumet.
  8003 | D:6      | Found a shimmering blue altar of Sif Muna.
  8008 | D:6      | Got Sif Muna's Discourse on Anathema
  8046 | D:6      | Reached skill level 8 in Axes
  8303 | D:7      | Found a runed translucent gate.
  8475 | D:7      | Found a runed translucent gate.
  8481 | D:7      | Found a runed translucent gate.
  8538 | D:7      | Reached skill level 9 in Axes
  8542 | D:7      | Mangled by an ogre

Illustrated notes

Levels and vault maps discovered:
D:1:      lemuel_arrival_muddy, layout_basic, chequers_ecumenical_altar_island,
          columned_hall_lemuel
D:2:      layout_basic
D:3:      layout_basic, led_xom_imps, ebering_dispersal_statue_hall
D:4:      layout_layer_cave, serial_shops, shop, nicolae_shop_hallway_plus,
          shop, shop, ebering_ghost_sewer_f, minmay_rat_hole
D:5:      layout_gridville, serial_demonic, serial_demonic_g, serial_demonic_f,
          serial_demonic_d, serial_demonic_d, serial_demonic_f,
          serial_demonic_d, st_stairs_6, nicolae_shop_vocational
D:6:      layout_loops_cross, grunt_temple_overflow_magic_moments,
          nicolae_dithmenos_the_darkroom, minmay_temple_entry_tees
D:7:      layout_rooms, nicolae_yredelemnul_corpse_copse, old_standard_altar,
          gammafunk_ghost_necromancy

Skill      XL: |  1  2  3  4  5  6  7  8 |
---------------+-------------------------+-----
Axes           | 4 5 6 7 9 |  9.0
Fire Magic     | 4 5 |  5.1
Fighting       | 4 5 6 |  6.3
Evocations     | 1 2 3 4 |  4.1
Throwing       | 1 2 |  2.0
Armour         | 2 3 |  3.0
Dodging        | 1 |  1.9
Spellcasting   | |  1.0

Action                     |  1- 3 |  4- 6 |  7- 9 || total
---------------------------+-------+-------+-------++-------
  Melee: Hand axe          |   148 |   188 |    97 ||   433
         Dagger            |       |    24 |       ||    24
         Mace              |       |     4 |       ||     4
         Broad axe         |       |       |    53 ||    53
  Throw: Boomerang         |       |       |     2 ||     2
   Cast: Scorch            |     2 |    10 |    35 ||    47
 Invoke: Foxfire Swarm     |       |     2 |     2 ||     4
         Rising Flame      |       |     1 |       ||     1
         Fiery Armour      |       |       |     1 ||     1
  Evoke: Wand              |       |     7 |       ||     7
    Use: Potion            |       |     6 |     2 ||     8
         Scroll            |       |     5 |     9 ||    14
 Armour: Robe              |    56 |       |       ||    56
         Scale mail        |    49 |   221 |   194 ||   464
  Dodge: Dodged            |    79 |   136 |   110 ||   325

Table legend: (Time is in decaauts)
 A = Elapsed time spent in this place.
 B = Non-inter-level travel time spent in this place.
 C = Inter-level travel time spent in this place.
 D = Time resting spent in this place.
 E = Time spent auto-exploring this place.
 F = Levels seen in this place.
 G = Mean time per level.
                   A        B        C        D        E       F      G
               +--------+--------+--------+--------+--------+-----+--------+
         Total |   8608 |   8225 |    383 |   1073 |   5804 |   7 | 1229.7 |
       Dungeon |   8608 |   8225 |    383 |   1073 |   5804 |   7 | 1229.7 |
               +--------+--------+--------+--------+--------+-----+--------+

Top non-repeatable levels by time:
     D:5: 2107 daAuts
     D:4: 1640 daAuts
     D:3: 1222 daAuts
     D:6: 1208 daAuts
     D:1: 1178 daAuts
     D:2: 1162 daAuts
     D:7: 88 daAuts
